 Dungeon Crawl Stone Soup version 0.17-a0-986-gf45d1aa (webtiles) character file.

140 oplop the Sneak (level 5, -1/24 HPs)
             Began as a Spriggan Enchanter on May 11, 2015.
             Killed by divine providence
             ... invoked by an orc priest
              (13 damage)
             ... on level 3 of the Dungeon.
             The game lasted 00:03:02 (1973 turns).

oplop the Sneak (Spriggan Enchanter)                Turns: 1973, Time: 00:03:02

Health: -1/24      AC:  3    Str:  4    XL:     5   Next: 2%
Magic:  3/12       EV: 18    Int: 17    God:
Gold:   115        SH:  0    Dex: 17    Spells: 4 memorised, 3 levels left

rFire  . . .     SeeInvis +     a - +1 dagger
rCold  . . .     Clarity  .     b - +1 robe
rNeg   . . .     SustAb   .     (shield restricted)
rPois  .         Gourm    .     (helmet restricted)
rElec  .         Spirit   .     (no cloak)
rCorr  .         Warding  .     (gloves unavailable)
rMut   .         Stasis   .     (boots unavailable)
MR     .....                    (no amulet)
Stlth  ++++......               (no ring)
                                (no ring)

@: very quick, not resistant to hostile enchantments, stealthy
A: unfitting armour, see invisible, herbivore 3, speed 3, slow metabolism 2
a: no special abilities


You were on level 3 of the Dungeon.
You were not hungry.

You visited 1 branch of the dungeon, and saw 3 of its levels.

You collected 115 gold pieces.

Inventory:

Hand weapons
 a - a +1 dagger (weapon)
Armour
 b - a +1 robe (worn)
Jewellery
 m - an uncursed amulet of the gourmand {unknown}
Scrolls
 f - a scroll of teleportation {unknown}
 g - 2 scrolls of remove curse {unknown}
 i - 2 scrolls of identify {unknown}
 j - a scroll of recharging {unknown}
Potions
 e - a potion of might {unknown}
 h - a potion of poison {unknown}
 k - 2 potions of agility {unknown}
 l - a potion of degeneration {unknown}
Books
 c - a book of Maledictions

   Spells                             Type                      Level
   a - Corona                         Hexes                        1
   b - Ensorcelled Hibernation        Hexes/Ice                    2
   c - Confuse                        Hexes                        3
   d - Tukima's Dance                 Hexes                        3
   e - Dazzling Spray                 Conjuration/Hexes            3
Comestibles
 d - 3 bread rations


   Skills:
 - Level 1.1 Short Blades
 - Level 3.0 Dodging
 + Level 6.1 Stealth
 + Level 4.4 Spellcasting
 + Level 4.9 Hexes


You had 3 spell levels left.
You knew the following spells:

 Your Spells              Type           Power        Failure   Level  Hunger
a - Corona                Hex            ###....      1%          1    None
b - Ensorcelled Hibernat  Hex/Ice        ##....       10%         2    ##.....
c - Confuse               Hex            ###.....     8%          3    ###....
d - Tukima's Dance        Hex            ###.....     8%          3    ###....


Dungeon Overview and Level Annotations

Branches:
Dungeon (3/15)

Altars:
Trog


Innate Abilities, Weirdness & Mutations

You are tiny and cannot use many weapons and most armour.
You have supernaturally acute eyesight.
You are a herbivore.
You cover ground extremely quickly.
You need consume almost no food.


Message History

You hit the orc.
The orc is moderately wounded.
Your flail hits the orc. The orc hits your flail with a mace.
Unknown command.
You catch the helpless orc momentarily off-guard.
You puncture the orc!
You kill the orc!
Your flail falls from the air.
Things that are here:
a mace; a falchion; an orc corpse You see here a club.
The orc priest shouts!
You hear a shout!
The orc priest calls down the wrath of Beogh upon you.
Pain shoots through your body!
Ouch! That really hurt!
A goblin comes into view. It is wielding an enchanted dagger.
The orc priest invokes the aid of Beogh against you.
Something smites you!
Ouch! That really hurt!
You die...

....$......#
#..g.......
.........
.......####
#..........
#..........#
#.#.o........
#.#@........$
#.#..........
#.#)#.......
##.#.........
##.)).....###
#...........#
##.#..##...#.#
##....###...#..
##.....#.#†..###.


You could see an orc priest and a goblin.

Vanquished Creatures
  A scorpion (D:2)
  5 adders
  A worm (D:2)
  2 giant geckos (D:1)
  3 orcs (D:3)
  5 goblins (D:2)
  7 hobgoblins
  5 kobolds
  A quokka (D:2)
  4 bats (D:1)
  A giant newt (D:2)
  5 rats
40 creatures vanquished.

Vanquished Creatures (collateral kills)
  An orc (D:3)
1 creature vanquished.

Grand Total: 41 creatures vanquished

Notes
Turn   | Place    | Note
--------------------------------------------------------------
     0 | D:1      | oplop the Spriggan Enchanter began the quest for the Orb.
     0 | D:1      | Reached XP level 1. HP: 9/9 MP: 5/5
   553 | D:1      | Reached XP level 2. HP: 13/13 MP: 7/7
  1054 | D:2      | Reached skill level 5 in Stealth
  1088 | D:2      | Learned a level 2 spell: Ensorcelled Hibernation
  1098 | D:2      | Reached XP level 3. HP: 12/16 MP: 0/9
  1143 | D:2      | Found a bloodstained altar of Trog.
  1782 | D:2      | Noticed a scorpion
  1833 | D:2      | Killed a scorpion
  1833 | D:2      | Reached skill level 6 in Stealth
  1833 | D:2      | Reached XP level 4. HP: 14/21 MP: 0/11
  1937 | D:3      | Learned a level 3 spell: Confuse
  1941 | D:3      | Learned a level 3 spell: Tukima's Dance
  1961 | D:3      | Reached XP level 5. HP: 24/24 MP: 5/12
  1973 | D:3      | Killed from afar by an orc priest

Vault maps used:
D:1:      minmay_arrival_stair_chambers
D:2:      wad_lake_hut, lightli_temple_of_fire, first_bread, minmay_fountain_box
D:3:      minmay_misc_feat_roman

Action                   |  1- 3 |  4- 6 || total
-------------------------+-------+-------++-------
Melee: Dagger            |    91 |    11 ||   102
 Cast: Corona            |     8 |       ||     8
       Ensorcelled Hiber |    16 |     2 ||    18
       Tukima's Dance    |       |     2 ||     2
 Stab: Sleeping          |    15 |     3 ||    18
       Distracted        |       |     1 ||     1
